 Dungeon Crawl Stone Soup version 0.30-a0-930-gb9d0489357 (webtiles) character file.

Game seed: 10576722602268487105

34335 dracfodder the Cleaver (level 13, -14/83 HPs)
             Began as a Gargoyle Fighter on Mar 23, 2023.
             Was an Elder of Okawaru.
             Killed from afar by a purple draconian shifter (29 damage)
             ... with a bolt of dispelling energy
             ... on level 1 of the Abyss.
             The game lasted 01:06:16 (13298 turns).

dracfodder the Cleaver (Gargoyle Fighter)          Turns: 13298, Time: 01:06:19

Health: -14/83     AC: 31    Str: 28    XL:     13   Next: 76%
Magic:  16/16      EV: 11    Int:  8    God:    Okawaru [****..]
Gold:   1025       SH: 13    Dex: 19    Spells: 12/12 levels left

rFire   . . .      SeeInvis .    a - +3 hand axe (heavy)
rCold   . . .      Faith    .    C - +6 buckler "Dujoatapsoi" {Str+4}
rNeg    + + .      Spirit   .    O - +0 plate armour of Calculation {rN+ Slay+3}
rPois   ∞          Reflect  .    (helmet restricted)
rElec   +          Rampage  .    w - +0 cloak
rCorr   +                        e - +2 pair of gloves
Will    .....                    n - +1 pair of boots Stlth
                                 (no amulet)
HPRegen 0.33/turn                x - ring of resist corrosion
MPRegen 0.15/turn                H - +6 ring of dexterity

@: no status effects
A: sickness immunity, AC +9, negative energy resistance 1, electricity
resistance, torment resistance 1, petrification resistance, antennae 2, agile 1,
sturdy frame 1
a: Renounce Religion, Heroism, Finesse


You were on level 1 of the Abyss.
You worshipped Okawaru.
Okawaru was greatly pleased with you.
You visited 3 branches of the dungeon, and saw 16 of its levels.
You visited the Abyss 1 time.
You also visited: Bailey.

You collected 1329 gold pieces.
You spent 304 gold pieces at shops.

Inventory:

Hand Weapons
 a - a +3 heavy hand axe (weapon)
 b - a +0 sling
 o - a +3 scimitar of flaming
 A - a +4 glaive
Missiles
 h - 2 throwing nets
 m - 19 boomerangs
 u - 43 poisoned darts (quivered)
 K - 7 curare-tipped darts
 M - a javelin
Armour
 e - a +2 pair of gloves (worn)
 i - a +0 chain mail
 n - a +1 pair of boots (worn)
 s - a +0 ring mail
 w - a +0 cloak (worn)
 C - the +6 buckler "Dujoatapsoi" (worn) {Str+4}
   (You bought it in a shop on level 6 of the Dungeon)

   Str:       It affects your strength (+4).
 J - the +0 ring mail of the Beastly Salmon {rElec rN+ Regen+}
   (You found it on level 10 of the Dungeon)

   rElec:     It insulates you from electricity.
   rN:        It protects you from negative energy.
   Regen:     It increases your rate of health regeneration.
 O - the +0 plate armour of Calculation (worn) {rN+ Slay+3}
   (Okawaru gifted it to you on level 3 of the Lair of Beasts)

   Slay:      It affects your accuracy & damage with ranged weapons and melee
   (+3).
   rN:        It protects you from negative energy.
Jewellery
 c - a ring of ice
 t - a ring of protection from fire
 x - a ring of resist corrosion (left hand)
 y - a ring of fire
 H - a +6 ring of dexterity (right hand)
 I - a ring of positive energy
Wands
 G - a wand of iceblast (4)
 P - a wand of paralysis (6)
Scrolls
 g - 8 scrolls of teleportation
 q - 3 scrolls of blinking
 r - a scroll of fog {unknown}
 z - 2 scrolls of identify
 B - 3 scrolls of magic mapping
 F - 6 scrolls of amnesia
Potions
 d - 3 potions of might
 f - 3 potions of resistance
 j - 2 potions of berserk rage
 k - 2 potions of magic
 l - 9 potions of curing
 p - 6 potions of haste
 v - 2 potions of brilliance
 D - a potion of cancellation
 E - a potion of degeneration {unknown}
 L - a potion of ambrosia {unknown}
 N - 2 potions of heal wounds


   Skills:
 + Level 10.3 Fighting
 + Level 3.8 Long Blades
 + Level 12.5 Axes
 + Level 0.2 Ranged Weapons
 + Level 3.7 Throwing
 + Level 10.0 Armour
 + Level 5.9 Dodging
 + Level 2.5 Stealth
 + Level 11.2 Shields
 + Level 4.4 Invocations
 + Level 2.3 Evocations


You had 12 spell levels left.
You didn't know any spells.
Your spell library contained the following spells:

 Spells                   Type           Power      Damage    Failure   Level
 Apportation              Tloc           0%         N/A       95%         1
 Magic Dart               Conj           0%         1d3       95%         1
 Necrotise                Necr           0%         1d4       95%         1
 Ensorcelled Hibernation  Hex/Ice        0%         N/A       99%         2
 Passwall                 Tmut/Erth      0%         N/A       99%         2
 Dazzling Flash           Conj/Hex       0%         N/A       100%        3
 Mephitic Cloud           Conj/Pois/Air  0%         N/A       100%        3
 Swiftness                Air            0%         N/A       100%        3
 Airstrike                Air            0%         2d(0-16)  100%        4
 Iskenderun's Mystic Bla  Conj/Tloc      0%         2d3       100%        4
 Plasma Beam              Fire/Air       0%         2x1d11    100%        5
 Eringya's Noxious Bog    Tmut/Pois      0%         N/A       100%        6
 Starburst                Conj/Fire      0%         6d3       100%        6
 Summon Small Mammal      Summ           Unusable   N/A       N/A         1
 Call Imp                 Summ           Unusable   N/A       N/A         2
 Summon Lightning Spire   Summ/Air       Unusable   N/A       N/A         4
 Summon Forest            Summ/Tloc      Unusable   N/A       N/A         5
 Summon Hydra             Summ           Unusable   N/A       N/A         7

Dungeon Overview and Level Annotations

Branches:
Dungeon (11/15)            Temple (1/1) D:4            Lair (4/5) D:11
 Shoals (0/4) Lair:2       Spider (0/4) Lair:3          Orc (0/2) D:10
 Bailey (visited)
  Slime: Lair:4-5

Altars:
Ashenzari
Cheibriados
Dithmenos
Elyvilon
Fedhas
Gozag
Hepliaklqana
Kikubaaqudgha
Makhleb
Nemelex Xobeh
Okawaru
Qazlal
Ru
Sif Muna
Trog
Uskayaw
Vehumet
Wu Jian
Xom
Yredelemnul
Zin
The Shining One

Shops:
D:6 [   D:7 :

Annotations:
Lair:1 4 transporters, SirDiesAlot's ghost, journeyman KoBr
Lair:4 Sonja


Innate Abilities, Weirdness & Mutations

You are immune to sickness and miasma.
Your stone body is resilient. (AC +9)
You are immune to poison.
You resist negative energy. (rN+)
You are resistant to electric shocks. (rElec)
You are resistant to unholy torment.
You are immune to petrification.
You have a pair of antennae on your head.
You are agile. (Dex +4, Str/Int -1)
Your movements are slightly less encumbered by armour. (ER -2)


Message History

The purple draconian shifter casts a spell.
The purple draconian shifter blinks!
You slice the purple draconian shifter!!
The purple draconian shifter is moderately wounded.
The purple draconian shifter gestures at you while chanting.
You barely resist.
You completely miss the purple draconian shifter.
The purple draconian shifter is moderately wounded.
The purple draconian shifter barely misses you.
You slash the purple draconian shifter!
The purple draconian shifter is heavily wounded.
The purple draconian shifter points at you and mumbles some strange words.
You blink.
The purple draconian shifter breathes dispelling energy at you.
The bolt of dispelling energy misses you.
A white imp comes into view.
The white imp shouts, "Back with thee, thou wayward motley-minded snaffler!"
You block the purple draconian shifter's attack.
You hit the purple draconian shifter but do no damage.
The purple draconian shifter is heavily wounded.
The purple draconian shifter breathes dispelling energy at you.
The bolt of dispelling energy hits you!
* * * LOW HITPOINT WARNING * * *
The bolt of dispelling energy misses the white imp.
You closely miss the purple draconian shifter.
The purple draconian shifter is heavily wounded.
You block the purple draconian shifter's attack.
The white imp gestures at you.
The puff of frost hits you but does no damage.
You slice the purple draconian shifter!!
The purple draconian shifter is severely wounded.
The purple draconian shifter hits you but does no damage.
The white imp shouts, "Get thee hence, thou simpering ill-nurtured slime mould!"
You slash the purple draconian shifter!
The purple draconian shifter is severely wounded.
The purple draconian shifter hits you but does no damage.
A wretched star comes into view.
The purple draconian shifter breathes dispelling energy at you.
The bolt of dispelling energy hits you!!
You die...

#..##.##.#.#... ##
..... #......# ..#
.....##......##..#
..................
..............#. .
..............####
.................#
.........q....#.
........@....... ..
....##......#......
..... #......#..
...
....5.............
...
.............#..
...............#..
. ............### .
......*....... .


You could see a purple draconian shifter (catching breath), a wretched star
(wandering) and a white imp.

Vanquished Creatures
  A spriggan zombie (Abyss:1)
  Fannar (Lair:3)
  4 hydras
  Erica (D:10)
  A two-headed ogre (D:11)
  A boulder beetle (D:11)
  A skyshark (Lair:4)
  An orb spider (Lair:3)
  A glowing orange brain (Abyss:1)
  Pikel (D:6)
  An oklob plant (Lair:3)
  A manticore (D:11)
  3 black mambas
  8 cane toads
  An efreet (D:11)
  An ancient zyme (Abyss:1)
  Psyche (D:10)
  8 rime drakes
  2 komodo dragons (Lair:1)
  2 hornets (D:9)
  Grinder (D:6)
  18 blink frogs
  4 dream sheep (Lair:2)
  3 wraiths
  31 yaks
  3 basilisks
  6 wyverns
  10 steam dragons (Lair:2)
  12 water moccasins
  An acid dragon (D:9)
  5 orc warriors
  A sky beast (D:7)
  A black bear (D:6)
  2 ice beasts
  5 centaurs
  18 wolves
  A phantom (D:6)
  9 kobold brigands
  14 bullfrogs
  2 gnoll sergeants
  3 scorpions
  8 killer bees
  5 howler monkeys
  4 hounds
  3 sleepcaps
  9 orc wizards
  4 iguanas
  21 gnolls
  7 adders
  3 white imps
  An ufetubus (D:5)
  A worm (D:3)
  A dart slug (D:4)
  34 orcs
  9 endoplasms
  3 giant cockroaches (D:1)
  10 goblins
  8 hobgoblins
  4 jackals (D:2)
  39 kobolds
  3 quokkas
  4 ball pythons
  3 bats
  4 frilled lizards
  4 rats
383 creatures vanquished.

Vanquished Creatures (others)
  A rime drake (Lair:2)
  13 fungi
  46 plants
60 creatures vanquished.

Grand Total: 443 creatures vanquished

Notes
Turn   | Place    | Note
-------+----------+-------------------------------------------
     0 | D:1      | dracfodder the Gargoyle Fighter began the quest for the
                  | Orb.
     0 | D:1      | Reached XP level 1. HP: 14/14 MP: 1/1
    77 | D:1      | Reached skill level 2 in Axes
   110 | D:1      | Reached XP level 2. HP: 19/19 MP: 2/2
   142 | D:1      | Found a faded altar of an unknown god.
   401 | D:1      | Reached XP level 3. HP: 22/23 MP: 3/3
   809 | D:2      | Reached XP level 4. HP: 28/28 MP: 4/4
   866 | D:2      | Reached skill level 3 in Axes
  1317 | D:3      | Identified the ring "Akifoups" {EV+5 Dex+8 Slay-4}
  1736 | D:4      | Found a bloodstained altar of Trog.
  1924 | D:4      | Reached XP level 5. HP: 20/32 MP: 5/5
  2293 | D:4      | Reached skill level 4 in Axes
  2300 | D:4      | Found a staircase to the Ecumenical Temple.
  2433 | Temple   | Entered the Ecumenical Temple
  2724 | Temple   | Became a worshipper of Warmaster Okawaru
  2765 | D:5      | Entered Level 5 of the Dungeon
  2765 | D:5      | Found a glowing golden altar of the Shining One.
  2893 | D:5      | Noticed an ice beast
  2902 | D:5      | Killed an ice beast
  2903 | D:5      | Reached XP level 6. HP: 38/38 MP: 6/6
  2940 | D:5      | Gained mutation: Your spells are a little harder to cast,
                  | but a little more powerful. [potion of mutation]
  2940 | D:5      | Gained mutation: You have very sharp teeth. [potion of
                  | mutation]
  2940 | D:5      | Gained mutation: You are agile. (Dex +4, Str/Int -1)
                  | [potion of mutation]
  2941 | D:5      | Lost mutation: You are agile. (Dex +4, Str/Int -1) [potion
                  | of mutation]
  2941 | D:5      | Lost mutation: You have very sharp teeth. [potion of
                  | mutation]
  2941 | D:5      | Lost mutation: Your spells are a little harder to cast, but
                  | a little more powerful. [potion of mutation]
  2941 | D:5      | Gained mutation: You expend magic power (3 MP) to
                  | strengthen your wands. [potion of mutation]
  2941 | D:5      | Gained mutation: You have sharp toenails. [potion of
                  | mutation]
  2967 | D:5      | Reached skill level 1 in Evocations
  3109 | D:5      | Lost mutation: You expend magic power (3 MP) to strengthen
                  | your wands. [potion of mutation]
  3109 | D:5      | Lost mutation: You have sharp toenails. [potion of
                  | mutation]
  3109 | D:5      | Gained mutation: You expend magic power (3 MP) to
                  | strengthen your wands. [potion of mutation]
  3110 | D:5      | Lost mutation: You expend magic power (3 MP) to strengthen
                  | your wands. [potion of mutation]
  3110 | D:5      | Gained mutation: You have hidden genetic potential. [potion
                  | of mutation]
  3110 | D:5      | Gained mutation: You have a pair of small antennae on your
                  | head. [potion of mutation]
  3110 | D:5      | Gained mutation: Your movements are slightly less
                  | encumbered by armour. (ER -2) [potion of mutation]
  3323 | D:5      | Reached XP level 7. HP: 36/42 MP: 7/7
  3333 | D:5      | Reached skill level 5 in Axes
  3631 | D:5      | Reached skill level 5 in Armour
  3636 | D:5      | Reached * piety under Okawaru
  3846 | D:6      | Reached skill level 1 in Throwing
  3865 | D:6      | Found Quppil Roit's Antique Armour Shoppe.
  3867 | D:6      | Gained mutation: You are agile. (Dex +4, Str/Int -1)
                  | [hidden potential]
  3870 | D:6      | Noticed Pikel
  3884 | D:6      | Killed Pikel
  3885 | D:6      | Reached skill level 6 in Axes
  3885 | D:6      | Reached skill level 1 in Dodging
  3885 | D:6      | Reached skill level 1 in Stealth
  3885 | D:6      | Reached XP level 8. HP: 19/48 MP: 8/8
  3890 | D:6      | Reached ** piety under Okawaru
  3903 | D:6      | Gained mutation: You have a pair of antennae on your head.
                  | [hidden potential]
  3903 | D:6      | Lost mutation: You have hidden genetic potential. [hidden
                  | potential expressed]
  4303 | D:6      | Found a burning altar of Makhleb.
  4303 | D:6      | Found an ancient bone altar of Kikubaaqudgha.
  4319 | D:6      | Reached skill level 7 in Axes
  4416 | D:6      | Noticed Grinder
  4429 | D:6      | Killed Grinder
  4430 | D:6      | Reached skill level 5 in Fighting
  4430 | D:6      | Reached skill level 5 in Shields
  4430 | D:6      | Reached XP level 9. HP: 54/54 MP: 9/9
  4735 | D:7      | Reached *** piety under Okawaru
  4743 | D:7      | Found Epsal's Book Boutique.
  4848 | D:7      | Found a flagged portal.
  4895 | Bailey   | Entered a bailey
  5016 | Bailey   | Reached skill level 8 in Axes
  5032 | Bailey   | Found a burning altar of Makhleb.
  5870 | D:8      | Reached XP level 10. HP: 58/60 MP: 10/10
  5943 | D:6      | Bought a faintly glowing buckler for 304 gold pieces
  5943 | D:6      | Identified the +6 buckler "Dujoatapsoi" {Str+4} (You bought
                  | it in a shop on level 6 of the Dungeon)
  6238 | D:8      | Found a sacrificial altar of Ru.
  6238 | D:8      | Found a white marble altar of Elyvilon.
  6313 | D:8      | Found a stormy altar of Qazlal.
  6561 | D:8      | Reached skill level 1 in Invocations
  6578 | D:8      | Reached **** piety under Okawaru
  7736 | D:9      | Found a snail-covered altar of Cheibriados.
  7907 | D:9      | Reached skill level 9 in Axes
  8403 | D:10     | Entered Level 10 of the Dungeon
  8587 | D:10     | Reached XP level 11. HP: 60/67 MP: 12/12
  8672 | D:10     | Received a gift from Okawaru
  8815 | D:10     | Noticed Psyche
  8817 | D:10     | Noticed Erica
  8821 | D:10     | Killed Psyche
  8835 | D:10     | Killed Erica
  8876 | D:10     | Found a staircase to the Orcish Mines.
  8883 | D:10     | Identified the +0 ring mail of the Beastly Salmon {rElec
                  | rN+ Regen+}
  9449 | D:11     | Noticed a boulder beetle
  9461 | D:11     | Killed a boulder beetle
  9461 | D:11     | Received a gift from Okawaru
  9517 | D:11     | Reached skill level 10 in Axes
  9615 | D:11     | Found an iron altar of Okawaru.
  9688 | D:11     | Noticed a two-headed ogre
  9703 | D:11     | Killed a two-headed ogre
  9891 | D:11     | Noticed a manticore
  9901 | D:11     | Killed a manticore
 10012 | D:11     | Found a staircase to the Lair.
 10312 | Lair:1   | Entered Level 1 of the Lair of Beasts
 10491 | Lair:1   | Reached XP level 12. HP: 34/75 MP: 6/14
 10633 | Lair:1   | Found a transporter.
 10689 | Lair:1   | Found a transporter.
 10690 | Lair:1   | Noticed a thrashing horror
 10693 | Lair:1   | Noticed a rakshasa
 10704 | Lair:1   | Reached skill level 11 in Axes
 10770 | Lair:1   | Noticed SirDiesAlot's ghost (journeyman KoBr)
 10853 | Lair:1   | Found a transporter.
 10854 | Lair:1   | Noticed a boulder beetle
 10856 | Lair:1   | Found a transporter.
 10856 | Lair:1   | Noticed a boulder beetle
 10905 | Lair:1   | You fall into a shaft and drop 1 floor!
 10916 | Lair:2   | Received a gift from Okawaru
 11003 | Lair:2   | Found a staircase to the Shoals.
 11045 | Lair:2   | Reached skill level 5 in Dodging
 11098 | Lair:2   | Reached skill level 10 in Shields
 11262 | Lair:2   | Identified the staff of cold "Xizxag" {rElec rC+ Dex+3
                  | SInv}
 11312 | Lair:2   | Noticed a five-headed hydra
 11339 | Lair:2   | Killed a one-headed hydra
 11340 | Lair:2   | Reached XP level 13. HP: 69/81 MP: 14/16
 11365 | Lair:2   | Reached ***** piety under Okawaru
 11380 | Lair:2   | Reached skill level 1 in Long Blades
 11839 | Lair:3   | Reached skill level 12 in Axes
 11881 | Lair:3   | Identified the +0 plate armour of Calculation {rN+ Slay+3}
                  | (Okawaru gifted it to you on level 3 of the Lair of Beasts)
 11881 | Lair:3   | Received a gift from Okawaru
 12045 | Lair:3   | Found a hole to the Spider Nest.
 12333 | Lair:3   | Found a bloodstained altar of Trog.
 12345 | Lair:3   | Reached skill level 10 in Fighting
 12480 | Lair:3   | Noticed Fannar
 12491 | Lair:3   | Killed Fannar
 13194 | Lair:4   | Noticed Sonja
 13215 | Abyss:1  | Cast into level 1 of the Abyss (Sonja)
 13272 | Abyss:1  | Reached skill level 10 in Armour
 13280 | Abyss:1  | Noticed a purple draconian shifter
 13298 | Abyss:1  | Killed from afar by a purple draconian shifter

Illustrated notes

Levels and vault maps discovered:
D:1:      elethiomel_arrival_shortcut, layout_basic,
          ebering_ecumenical_altar_box
D:2:      layout_rooms, mrwooster_statue_mirror, minmay_distorted
D:3:      layout_rooms, minmay_misc_feat_enclosed, dreamdust_princess_corridor,
          hangedman_decor_peaks_small, kennysheep_doodads
D:4:      layout_loops_cross, old_standard_altar,
          minmay_temple_entry_gardened_gates, minivault_19,
          corexii_leaking_fountain
D:5:      layout_cave_pods, old_standard_altar, corner_web_ring,
          hangedman_decor_opposing
D:6:      layout_loops_ring, grunt_temple_overflow_open, serial_shops, shop,
          uniq_pikel, uniq_grinder
D:7:      layout_cave_pools, lightli_bailey_entry_fortress, serial_shops,
          shop_fountains, minmay_small_thing
D:8:      layout_basic, nicolae_overflow_hidden_temple,
          gammafunk_temple_overflow_elements
D:9:      layout_loops_corners, mainiacjoe_overflow_tiny_flanked,
          minmay_misc_feat_iff, chequers_serial_rivers_micro_e,
          minmay_misc_feat_ornament
D:10:     layout_basic, orc_0_dummy, palyth_stone_intersect, uniq_erica,
          uniq_psyche
D:11:     layout_basic, minmay_lair_entry_grove, okawaru_altar_gauntlet_db
Temple:   dpeg_chambers_temple
Lair:1:   gammafunk_boulding_lane, layout_chaotic_city,
          gammafunk_ghost_abyssal_escape
Lair:2:   layout_big_grid, minmay_shoals_entry_centaurs,
          bobbens_dragon_lair_wall, grunt_megastairs_4
Lair:3:   layout_regular_city, nicolae_spider_entry_orb_guardian,
          lemuel_oklob_altar, uniq_fannar
Lair:4:   layout_layer_cave, infiniplex_staircase_pool, uniq_sonja
Abyss:1:  base:
Lair:4

Skill      XL: |  1  2  3  4  5  6  7  8  9 10 11 12 13 |
---------------+----------------------------------------+-----
Axes           | 2 3 4 6 7 8 9 10 11 12 | 12.5
Armour         | 4 5 6 7 8 9 10 | 10.0
Evocations     | 1 2 |  2.3
Fighting       | 4 5 6 7 8 9 10 | 10.3
Throwing       | 1 2 3 |  3.7
Shields        | 4 5 7 8 10 11 | 11.2
Dodging        | 1 2 3 4 5 |  5.9
Stealth        | 1 2 |  2.5
Invocations    | 2 3 4 |  4.4
Long Blades    | 3 |  3.8
Ranged Weapons | |  0.2

Action                     |  1- 3 |  4- 6 |  7- 9 | 10-12 | 13-15 || total
---------------------------+-------+-------+-------+-------+-------++-------
  Melee: War axe           |   110 |   102 |       |       |       ||   212
         Hand axe          |       |    20 |   236 |   585 |   187 ||  1028
         Scimitar          |       |       |       |     7 |    91 ||    98
   Fire: Sling             |       |     2 |       |       |       ||     2
  Throw: Dart              |       |    10 |    14 |    42 |     5 ||    71
         Throwing net      |       |     2 |       |       |       ||     2
         Javelin           |       |       |       |     2 |       ||     2
         Boomerang         |       |       |       |     1 |       ||     1
 Invoke: Heroism           |       |       |     6 |    20 |     5 ||    31
         Finesse           |       |       |       |     4 |     1 ||     5
  Evoke: Wand              |       |     8 |    17 |       |       ||    25
    Use: Scroll            |       |    12 |     6 |     6 |     2 ||    26
         Potion            |       |     4 |     1 |     5 |       ||    10
   Stab: Sleeping          |       |       |       |     1 |       ||     1
 Armour: Scale mail        |    39 |       |       |       |       ||    39
         Chain mail        |    43 |    89 |   181 |   106 |       ||   419
         Ring mail         |       |       |       |   138 |    34 ||   172
         Plate armour      |       |       |       |       |   102 ||   102
  Dodge: Dodged            |    35 |    32 |   146 |   307 |   157 ||   677
  Block: Buckler           |    20 |    24 |    70 |   400 |   214 ||   728

Table legend: (Time is in decaauts)
 A = Elapsed time spent in this place.
 B = Non-inter-level travel time spent in this place.
 C = Inter-level travel time spent in this place.
 D = Time resting spent in this place.
 E = Time spent auto-exploring this place.
 F = Levels seen in this place.
 G = Mean time per level.
                   A        B        C        D        E       F      G
               +--------+--------+--------+--------+--------+-----+--------+
         Total |  13632 |  13188 |    444 |    859 |   8651 |  18 |  757.3 |
       Dungeon |  10028 |   9652 |    376 |    716 |   6590 |  11 |  911.6 |
        Temple |    315 |    295 |     20 |      0 |    232 |   1 |  315.0 |
          Lair |   2934 |   2886 |     48 |     63 |   1766 |   4 |  733.5 |
         Abyss |     82 |     82 |      0 |      4 |      0 |   1 |   82.0 |
        Bailey |    271 |    271 |      0 |     76 |     62 |   1 |  271.0 |
               +--------+--------+--------+--------+--------+-----+--------+

Top non-repeatable levels by time:
     D:8: 1399 daAuts
  Lair:3: 1320 daAuts
     D:9: 1186 daAuts
     D:5: 1100 daAuts
    D:10: 1070 daAuts
     D:6: 970 daAuts
  Lair:2: 920 daAuts
     D:7: 898 daAuts
    D:11: 868 daAuts
     D:4: 742 daAuts
     D:3: 648 daAuts
     D:1: 617 daAuts
  Lair:1: 596 daAuts
     D:2: 526 daAuts
  Temple: 315 daAuts
